AoeStats
← 76896859

Nomad

503661509Analyzed
1v1 RM · 1mo ago on Sep 1, 2026· 36m 1s· 2 players
Game mode
Random Map
Map size
126×126
Population
200
Speed
Normal
Resources
Standard
Victory
Conquest
Starting age
Dark Age
Ending age
Imperial Age
RankedLock teamsTeams togetherTeam positionsShared explorationLock speedFull tech treeHidden civsTurbo modeCheats
Victory
Defeat
🇩🇪 Malay · Germany
1102
+16
🇨🇳 Huns · China
1093
-16
76896859
6:59 Loom
15:59 Feudal Age
20:58 Castle Age
20:18 Bloodlines
20:16 Scale Barding Armor
21:10 Forging
23:06 Husbandry
23:11 Double-Bit Axe
23:12 Horse Collar
25:44 Wheelbarrow
25:25 Bow Saw
25:24 Heavy Plow
31:40 Gold Mining
33:25 Chain Barding Armor
mglite
4:45 Loom
14:33 Feudal Age
19:43 Castle Age
17:52 Double-Bit Axe
19:06 Forging
18:50 Fletching
23:22 Horse Collar
26:40 Wheelbarrow
26:37 Pikeman
27:54 Bow Saw
28:15 Town Watch
29:32 Forging
29:40 Medium Warships
30:32 Squires
35:21 Imperial Age
33:40 Hand Cart
36:51 Ballistics
36:35 Bodkin Arrow
Connection lost

Rejoining the realm…

Still unreachable

The connection could not be restored.

Session expired

The server has moved on; the page needs a fresh start.